AoeStats
← 739697286

Nomad

506641468Analyzed
4v4 RM · 19d ago on Sep 14, 2026· 38m 58s· 8 players
Game mode
Random Map
Map size
231×231
Population
200
Speed
Normal
Resources
Standard
Victory
Conquest
Starting age
Dark Age
Ending age
Imperial Age
RankedLock teamsTeams togetherTeam positionsShared explorationLock speedFull tech treeHidden civsTurbo modeCheats
Victory
Defeat
🇻🇳 Japanese · Vietnam
1503
+15
🇮🇳 Burmese · India
1479
+16
🇻🇳 Dravidians · Vietnam
1464
+17
🇨🇳 Persians · China
1444
+18
🇮🇹 Lithuanians · Italy
1519
-17
🇩🇪 Persians · Germany
1509
-18
🇪🇸 Malay · Spain
1460
-16
🇨🇱 Koreans · Chile
1447
-15
aKetbuscugioi
14:39 Feudal Age
15:26 Double-Bit Axe
15:27 Fishing Lines
18:15 Castle Age
17:27 Forging
18:11 Loom
19:06 Wheelbarrow
18:17 Loom
18:17 Town Watch
19:09 Medium Warships
18:49 Gillnets
19:03 Gillnets
22:58 Hand Cart
26:25 Fletching
26:54 Gold Mining
27:38 Bodkin Arrow
27:43 Padded Archer Armor
28:50 Husbandry
29:01 Bloodlines
30:41 Gold Shaft Mining
30:27 Horse Collar
32:16 Bloodlines
32:19 Thumb Ring
32:56 Gambesons
33:12 Squires
32:32 Pikeman
32:58 Arson
33:37 Scale Mail Armor
34:13 Iron Casting
35:52 Chain Mail Armor
39:16 Imperial Age
38:35 Chain Mail Armor
739697286
5:41 Loom
12:27 Feudal Age
13:01 Double-Bit Axe
17:36 Fletching
36:45 Wheelbarrow
Vũ
13:33 Feudal Age
15:26 Double-Bit Axe
15:23 Fishing Lines
18:01 Castle Age
16:47 Loom
19:04 Bow Saw
19:14 Town Watch
21:06 Wheelbarrow
20:47 Horse Collar
23:34 Hand Cart
29:04 Gold Mining
29:06 Stone Mining
33:05 Imperial Age
32:19 Heavy Plow
34:28 Fletching
34:39 Padded Archer Armor
34:47 Thumb Ring
35:07 Bodkin Arrow
36:20 Ballistics
37:00 Chemistry
38:16 Bracer
The Sage
7:08 Loom
14:03 Feudal Age
18:10 Castle Age
16:23 Fishing Lines
18:08 Padded Archer Armor
18:00 Gold Mining
22:59 Horse Collar
27:04 Husbandry
28:13 Town Watch
30:34 Bloodlines
30:57 Heavy Plow
32:16 Wheelbarrow
35:05 Imperial Age
34:05 Hand Cart
35:02 Manipur Cavalry
35:56 Gold Shaft Mining
36:14 Howdah
36:35 Conscription
37:35 Scale Barding Armor
37:41 Forging
37:15 Elite Battle Elephant
39:56 Chain Barding Armor
Nogard
9:43 Loom
11:55 Feudal Age
12:25 Double-Bit Axe
16:52 Wheelbarrow
16:18 Horse Collar
17:46 Forging
22:16 Castle Age
20:38 Gold Mining
21:15 Bloodlines
21:40 Scale Barding Armor
23:47 Iron Casting
37:25 Bow Saw
TheIsamel
4:50 Loom
13:57 Feudal Age
13:38 Double-Bit Axe
19:01 Castle Age
19:07 Medium Warships
20:04 Bow Saw
22:30 Demolition Ship
22:58 Horse Collar
24:44 Heavy Plow
28:11 Scale Barding Armor
29:06 Forging
31:09 Fletching
32:21 Wheelbarrow
34:01 Husbandry
38:56 Imperial Age
36:42 Hand Cart
38:38 Ballistics
37:49 Heavy Scorpion
JoPo21
13:40 Feudal Age
12:05 Loom
14:43 Double-Bit Axe
15:10 Town Watch
17:41 Castle Age
15:51 Horse Collar
18:45 Bow Saw
19:35 Forging
26:14 Husbandry
27:21 Scale Barding Armor
28:01 Bloodlines
28:34 Heavy Plow
30:36 Wheelbarrow
31:52 Gold Mining
33:01 Chain Barding Armor
33:45 Hand Cart
35:07 Iron Casting
37:08 Imperial Age
37:18 Gold Shaft Mining
37:48 Conscription
36:51 Cavalier
38:07 Plate Barding Armor
39:21 Blast Furnace
Tyrant
8:53 Loom
13:46 Feudal Age
14:45 Double-Bit Axe
15:24 Fletching
26:37 Castle Age
27:36 Bodkin Arrow
35:17 Wheelbarrow
Connection lost

Rejoining the realm…

Still unreachable

The connection could not be restored.

Session expired

The server has moved on; the page needs a fresh start.